 Dungeon Crawl Stone Soup version 0.20.0-1-g1cb1d84 (webtiles) character file.

3034 Lochraine the Cleaver (level 9, -7/121 HPs)
             Began as a Minotaur Berserker on May 26, 2017.
             Was an Elder of Trog.
             Mangled by an orc knight
             ... wielding a +0 war axe
              (9 damage)
             ... in a bailey.
             The game lasted 00:11:03 (5405 turns).

Lochraine the Cleaver (Minotaur Berserker)          Turns: 5405, Time: 00:11:04

Health: -7/121     AC: 24    Str: 24    XL:     9   Next: 56%
Magic:  11/11      EV:  2    Int:  4    God:    Trog [****..]
Gold:   237        SH:  0    Dex: 11    Spells: 8/8 levels left

rFire    + . .     SeeInvis .   G - +0 broad axe
rCold    + + .     Gourm    .   (no shield)
rNeg     + + +     Faith    .   (armour currently unavailable)
rPois    +         Spirit   .   (helmet currently unavailable)
rElec    +         Reflect  .   (cloak currently unavailable)
rCorr    +         Harm     .   (gloves currently unavailable)
MR       .....     NoTele   +   (boots currently unavailable)
Stlth    +.........             (no amulet)
Regen    0.3/turn               H - ring of protection from cold
MPRegen  0.2/turn               (no ring)

@: tree-form, resistant, berserk cooldown, very slightly contaminated, slowed,
invisible, very slow
A: (retaliatory headbutt)
a: Berserk, Trog's Hand, Brothers in Arms, Burn Spellbooks, Renounce Religion


You were in a bailey.
You worshipped Trog.
Trog was greatly pleased with you.
You were hungry.
You were a tree.
You visited 1 branch of the dungeon, and saw 6 of its levels.
You also visited: Bailey.

You collected 406 gold pieces.
You spent 169 gold pieces at shops.

Inventory:

Hand Weapons
 a - a +0 hand axe
 E - a +0 war axe
   (You took it off an orc on level 4 of the Dungeon)
 G - a +0 broad axe (weapon)
   (You took it off an orc warrior in a bailey)
Missiles
 h - 20 bolts
 j - 113 arrows
 F - a throwing net (quivered) {!f}
Armour
 B - a +2 pair of boots of flying (melded)
   (You found it on level 4 of the Dungeon)
 L - a +0 chain mail (melded)
   (You found it on level 1 of the Dungeon)
 N - a +0 hat (melded)
   (You found it on level 8 of the Dungeon)
Jewellery
 H - a ring of protection from cold (left branch)
   (You found it on level 7 of the Dungeon)
Wands
 c - a wand of disintegration (0/24)
   (You found it on level 8 of the Dungeon)
 d - a wand of iceblast (8/15)
   (You found it on level 8 of the Dungeon)
 x - a wand of acid (2/15)
   (You found it on level 8 of the Dungeon)
 M - a wand of disintegration (17/24)
   (You found it on level 8 of the Dungeon)
Scrolls
 e - 3 scrolls of immolation {!r}
 f - a scroll of identify {@r1}
 l - a scroll of fog {unknown}
 m - 3 scrolls of remove curse {@r2}
 n - 6 scrolls of teleportation {@r4}
 p - 3 scrolls of magic mapping {unknown}
 s - 2 scrolls of enchant armour {unknown}
 u - 2 scrolls of enchant weapon {unknown}
 v - a scroll of recharging {unknown}
 y - 2 scrolls of random uselessness {unknown}
 D - a scroll of blinking {unknown}
 I - a scroll of amnesia {unknown}
 J - a scroll of holy word {unknown}
 K - a scroll of noise {unknown}
Potions
 g - 3 potions of agility
 i - a potion of flight {unknown}
 k - a potion of mutation {!q}
 o - a potion of invisibility
 t - a potion of degeneration {unknown}
 w - a potion of lignification {!q}
 z - a potion of haste {unknown}
Comestibles
 b - a chunk of flesh
 q - 3 bread rations
 r - 4 meat rations
 C - 2 fruits


   Skills:
 + Level 8.2 Fighting
 * Level 11.0 Axes
 + Level 7.5 Armour
 - Level 2.1 Dodging
 * Level 4.6 Evocations


You had 8 spell levels left.
You didn't know any spells.

Dungeon Overview and Level Annotations

Branches:
Dungeon (8/15)
 Temple: D:4-7         Lair: D:8-11

Altars:
Okawaru
Sif Muna

Shops:
D:7 ?


Innate Abilities, Weirdness & Mutations

((You reflexively headbutt those who attack you in melee.))
((You have a pair of horns on your head.))
((You have large cloven feet.))
((Your flesh is heat resistant. (rF+)))


Message History

You are too injured to fight recklessly!
You are too injured to fight recklessly!
You miss the orc warrior. You headbutt the orc warrior.
You kill the orc warrior!
Trog accepts your kill.
You slash the orc knight!
The orc knight hits you with a war axe!!
* * * LOW HITPOINT WARNING * * *
You closely miss the orc knight.
You are too berserk!
You hit the orc knight. Your headbutt misses the orc knight.
The orc knight hits you with a war axe.
* * * LOW HITPOINT WARNING * * *
You closely miss the orc knight.
Your chain mail prevents you from hitting the orc knight.
You are no longer berserk.
You are exhausted.
You feel yourself slow down. The orc knight closely misses you.
Unknown command.
Okay, then.
Okay, then.
Unknown command.
Okay, then.
Unknown command.
Okay, then.
Unknown command.
Really quaff
w - 2 potions of lignification {!q}?
You turn into a tree.
Your +0 hat melds into your body.
Your +2 pair of boots of flying melds into your body.
Your +0 chain mail melds into your body.
You float gracefully downwards.
Your roots penetrate the ground.
The orc knight hits you but does no damage.
It was a potion of mutation.
You feel extremely strange.
You feel clumsy.
You feel resistant to heat.
Your feet thicken and deform.
You feel agile.
The orc knight hits you but does no damage.
Okay, then.
You fail to use your ability.
The orc knight hits you with a war axe!
* * * LOW HITPOINT WARNING * * *
The orc knight hits you but does no damage.
It was a potion of invisibility.
You fade into invisibility!
The orc knight hits you with a war axe!
* * * LOW HITPOINT WARNING * * *
You are very lightly contaminated with residual magic.
It was a potion of resistance.
You feel protected. The orc knight hits you with a war axe!
You die...

##≈≈%..%...≈≈##
##≈...(...≈##
####'['####
##.....##
#∩.....∩#
#...8...#
##.....##
###'### #)♣)#
#....)o...#
#.............#
...............
...............
#.............#
###.($...?$.###
####._.####


You could see an orc knight.

Vanquished Creatures
  Erica (D:8)
  A two-headed ogre (D:8)
  The ghost of skittles the Firebug, an amateur DrFE (D:3)
  A hungry ghost (D:8)
  2 orc warriors (Bailey)
  2 sky beasts
  2 phantoms
  An ogre (D:7)
  A big kobold (D:7)
  2 bullfrogs (D:7)
  A scorpion (D:4)
  A howler monkey (D:8)
  4 hounds
  A jelly (D:7)
  A bullfrog skeleton (D:7)
  An iguana (D:4)
  5 worker ants
  A hound zombie (D:4)
  A worker ant zombie (D:7)
  Robin (D:4)
  4 gnolls (D:7)
  8 adders
  An ooze (D:1)
  A dart slug (D:2)
  A leopard gecko (D:4)
  8 orcs
  3 giant cockroaches
  6 hobgoblins
  6 jackals
  5 quokkas
  11 bats
  4 frilled lizards
  18 goblins
  11 kobolds
  4 rats
122 creatures vanquished.

Notes
Turn   | Place    | Note
-------+----------+-------------------------------------------
     0 | D:1      | Lochraine the Minotaur Berserker began the quest for the Orb.
     0 | D:1      | Reached XP level 1. HP: 19/19 MP: 0/0
   117 | D:1      | Reached skill level 4 in Axes
   171 | D:1      | Reached XP level 2. HP: 27/27 MP: 1/1
   874 | D:2      | Found a deep blue altar of Sif Muna.
  1070 | D:2      | Reached XP level 3. HP: 33/33 MP: 2/2
  1224 | D:2      | Reached ** piety under Trog
  1326 | D:2      | Reached skill level 5 in Axes
  1360 | D:2      | Reached XP level 4. HP: 40/41 MP: 3/3
  1966 | D:3      | Noticed skittles's ghost (amateur DrFE)
  1999 | D:3      | Killed skittles's ghost
  1999 | D:3      | Reached skill level 5 in Fighting
  1999 | D:3      | Reached skill level 6 in Axes
  1999 | D:3      | Reached XP level 5. HP: 48/48 MP: 4/4
  2659 | D:4      | Noticed Robin
  2669 | D:4      | Reached XP level 6. HP: 56/56 MP: 5/5
  2683 | D:4      | Killed Robin
  2959 | D:4      | Reached skill level 7 in Axes
  3145 | D:4      | Found an iron altar of Okawaru.
  3298 | D:4      | Reached XP level 7. HP: 61/61 MP: 6/6
  3539 | D:4      | You are sucked into a shaft for 3 floors!
  3631 | D:7      | Reached *** piety under Trog
  3696 | D:7      | Reached skill level 8 in Axes
  3696 | D:7      | Reached skill level 5 in Armour
  3767 | D:7      | Found Ahigaruq's Magic Scroll Shop.
  3779 | D:7      | Bought a scroll of teleportation for 39 gold pieces
  3779 | D:7      | Bought a scroll of teleportation for 39 gold pieces
  3779 | D:7      | Bought a scroll of identify for 26 gold pieces
  3779 | D:7      | Bought a scroll of identify for 26 gold pieces
  3779 | D:7      | Bought a scroll of remove curse for 39 gold pieces
  4172 | D:7      | Reached XP level 8. HP: 55/71 MP: 7/7
  4292 | D:7      | Reached skill level 9 in Axes
  4649 | D:8      | Noticed a two-headed ogre
  4657 | D:8      | Killed a two-headed ogre
  4657 | D:8      | Reached skill level 10 in Axes
  4825 | D:8      | Noticed Erica
  5072 | D:8      | Reached XP level 9. HP: 75/79 MP: 10/10
  5084 | D:8      | Killed Erica
  5298 | D:8      | Found a flagged portal.
  5335 | Bailey   | Entered a bailey
  5366 | Bailey   | Reached skill level 11 in Axes
  5382 | Bailey   | Noticed an orc knight
  5383 | Bailey   | Found a bloodstained altar of Trog.
  5388 | Bailey   | Reached **** piety under Trog
  5402 | Bailey   | Gained mutation: You are clumsy. (Dex -2) [potion of mutation]
  5402 | Bailey   | Gained mutation: Your flesh is heat resistant. (rF+) [potion of mutation]
  5402 | Bailey   | Gained mutation: You have large cloven feet. [potion of mutation]
  5402 | Bailey   | Lost mutation: You are clumsy. (Dex -2) [potion of mutation]
  5404 | Bailey   | HP: 1/121 [orc knight/war axe (10)]
  5405 | Bailey   | Mangled by an orc knight

Skill      XL: |  1  2  3  4  5  6  7  8  9 |
---------------+----------------------------+-----
Axes           | 4 5 6 7 8 10 11 | 11.0
Fighting       | 4 5 6 7 8 |  8.2
Armour         | 3 4 5 6 7 |  7.5
Evocations     | 3 4 |  4.6
Dodging        | |  2.1

Action                   |  1- 3 |  4- 6 |  7- 9 || total
-------------------------+-------+-------+-------++-------
Melee: Hand axe          |    73 |   117 |     2 ||   192
       Headbutt          |    11 |    22 |    29 ||    62
       War axe           |       |       |   101 ||   101
       Broad axe         |       |       |    16 ||    16
Invok: Berserk           |       |     2 |     4 ||     6
       Trog's Hand       |       |       |     2 ||     2
Evoke: Wand              |       |       |    16 ||    16
  Use: Scroll            |       |     2 |     4 ||     6
       Potion            |       |       |     4 ||     4
  Eat: Chunk             |     1 |     4 |     8 ||    13
       Bread ration      |       |     1 |       ||     1
       Royal jelly       |       |       |     1 ||     1
Armor: Chain mail        |    44 |    56 |    72 ||   172
       Animal skin       |     2 |       |       ||     2
       Skin              |       |       |     3 ||     3
Dodge: Dodged            |    35 |    57 |    74 ||   166
